AoeStats
← 体制少妇白洁

Arena

507750399Analyzed
4v4 RM · 13d ago on Sep 19, 2026· 42m 34s· 8 players
Game mode
Random Map
Map size
Large (8 player)
Population
200
Speed
Normal
Resources
Standard
Victory
Conquest
Starting age
Dark Age
Ending age
Imperial Age
RankedLock teamsTeams togetherTeam positionsShared explorationLock speedFull tech treeHidden civsTurbo modeCheats
Victory
Defeat
🇭🇰 Vietnamese · Hong Kong SAR China
1509
+14
🇨🇳 Japanese · China
1464
+16
🇨🇳 Tupi · China
1377
+20
🇧🇷 Aztecs · Brazil
1501
-19
🇨🇿 Berbers · Czechia
1478
-18
🇦🇷 Persians · Argentina
1473
-18
🇪🇸 Tatars · Spain
1420
-16
Lauti
10:30 Feudal Age
14:14 Castle Age
12:33 Double-Bit Axe
12:45 Horse Collar
14:58 Bow Saw
18:21 Wheelbarrow
25:09 Imperial Age
23:32 Scale Barding Armor
23:39 Bloodlines
23:29 Husbandry
24:24 Hand Cart
24:00 Loom
24:51 Husbandry
25:23 Forging
25:35 Cavalier
27:41 Chain Barding Armor
27:56 Iron Casting
27:41 Chain Barding Armor
27:57 Iron Casting
31:45 Chemistry
32:49 Plate Barding Armor
33:23 Heavy Camel Rider
33:24 Savar
35:26 Gold Mining
35:27 Stone Mining
36:37 Two-Man Saw
35:39 Heavy Plow
35:55 Town Watch
40:09 Conscription
41:35 Blast Furnace
40:57 Light Cavalry
42:04 Hussar
Juanchan
10:40 Feudal Age
9:38 Loom
13:41 Double-Bit Axe
14:51 Fletching
21:43 Castle Age
20:38 Horse Collar
21:27 Padded Archer Armor
21:25 Stone Mining
24:53 Wheelbarrow
28:43 Bow Saw
30:34 Gold Mining
31:58 Heavy Plow
32:53 Silk Armor
35:03 Forging
35:00 Scale Barding Armor
39:16 Imperial Age
37:40 Bloodlines
37:30 Husbandry
38:59 Chain Barding Armor
39:46 Iron Casting
40:47 Bodkin Arrow
41:38 Conscription
SupeR_ Galarra_
10:30 Feudal Age
14:23 Castle Age
13:13 Double-Bit Axe
13:18 Horse Collar
15:32 Bow Saw
16:17 Loom
22:38 Wheelbarrow
23:01 Heavy Plow
22:53 Gold Mining
26:08 Gold Shaft Mining
28:43 Imperial Age
26:52 Forging
26:42 Scale Mail Armor
26:08 Pikeman
26:49 Squires
26:52 Town Watch
27:01 Gambesons
27:02 Arson
27:36 Eagle Warrior
29:17 Iron Casting
28:58 Chain Mail Armor
29:49 Elite Jaguar Warrior
32:06 Blast Furnace
32:01 Conscription
32:21 Elite Eagle Warrior
34:11 Plate Mail Armor
34:21 Garland Wars
DetectiveYemitoShumafuk
10:21 Feudal Age
14:01 Castle Age
12:08 Double-Bit Axe
12:35 Horse Collar
20:53 Heavy Plow
21:21 Bow Saw
23:31 Wheelbarrow
23:02 Gold Mining
23:03 Stone Mining
24:32 Hand Cart
25:30 Loom
28:57 Imperial Age
26:37 Husbandry
27:06 Thumb Ring
27:07 Fletching
27:18 Padded Archer Armor
27:40 Ballistics
27:33 Masonry
28:28 Stone Shaft Mining
27:53 Bodkin Arrow
28:48 Leather Archer Armor
28:37 Kasbah
28:55 Bloodlines
30:03 Conscription
30:47 Chemistry
29:59 Bracer
30:14 Elite Camel Archer
31:47 Ring Archer Armor
32:18 Treadmill Crane
33:17 Maghrebi Camels
39:33 Town Watch
40:53 Hoardings
FoLuo
10:31 Feudal Age
11:25 Double-Bit Axe
11:43 Horse Collar
14:07 Castle Age
17:06 Bow Saw
18:31 Wheelbarrow
21:54 Hand Cart
22:01 Stone Mining
22:16 Heavy Plow
23:06 Gold Mining
25:04 Gold Shaft Mining
24:56 Loom
24:59 Town Watch
28:46 Imperial Age
26:37 Fletching
26:47 Padded Archer Armor
27:46 Town Patrol
28:11 Ballistics
27:32 Treadmill Crane
28:53 Bodkin Arrow
29:13 Leather Archer Armor
29:54 Conscription
29:35 Bracer
29:06 Elite Blackwood Archer
32:25 Two-Man Saw
32:29 Chemistry
32:05 Ring Archer Armor
31:45 Pikeman
32:26 Squires
32:23 Halberdier
33:52 Curare
34:23 Scale Mail Armor
34:33 Forging
35:59 Chain Mail Armor
36:39 Iron Casting
38:10 Hoardings
38:28 Arson
39:17 Plate Mail Armor
38:11 Champi Runner
39:00 Caciques
40:27 Caravan
39:58 Champi Warrior
40:58 Elite Champi Warrior
夫国之有民,犹水之有舟,停则以安,扰则以危
10:51 Feudal Age
11:33 Double-Bit Axe
14:32 Castle Age
15:31 Bow Saw
20:54 Wheelbarrow
23:55 Hand Cart
24:10 Gold Mining
25:58 Gold Shaft Mining
28:39 Imperial Age
26:25 Stone Mining
26:54 Scale Barding Armor
27:43 Forging
27:44 Loom
27:45 Town Watch
28:29 Chain Barding Armor
28:12 Husbandry
29:43 Iron Casting
28:48 Capped Ram
28:53 Cavalier
29:49 Masonry
30:09 Conscription
30:33 Paladin
32:04 Plate Barding Armor
33:25 Blast Furnace
34:48 Chivalry
40:08 Caravan
40:31 Town Patrol
42:53 Fletching
体制少妇白洁
10:26 Feudal Age
11:31 Double-Bit Axe
12:08 Horse Collar
14:41 Castle Age
15:38 Bow Saw
15:30 Heavy Plow
16:07 Wheelbarrow
22:47 Gold Mining
23:57 Hand Cart
24:56 Loom
28:11 Imperial Age
26:06 Scale Barding Armor
27:11 Chain Barding Armor
27:02 Forging
27:31 Bloodlines
27:21 Husbandry
28:22 Chatras
28:26 Elite Battle Elephant
29:51 Plate Barding Armor
29:46 Fletching
30:44 Fletching
30:55 Padded Archer Armor
31:24 Paper Money
31:04 Elite Skirmisher
32:48 Two-Man Saw
31:55 Thumb Ring
31:46 Bodkin Arrow
32:34 Leather Archer Armor
32:09 Imperial Skirmisher
33:14 Bracer
33:52 Crop Rotation
34:40 Chemistry
34:37 Ballistics
35:36 Ring Archer Armor
35:43 Iron Casting
36:49 Town Watch
39:14 Siege Engineers
cookie tin
8:34 Feudal Age
8:54 Loom
9:54 Double-Bit Axe
15:11 Town Watch
16:27 Fletching
20:30 Castle Age
18:51 Horse Collar
21:09 Bodkin Arrow
20:59 Crossbowman
21:34 Gold Mining
22:10 Bow Saw
30:52 Imperial Age
29:11 Guard Tower
30:16 Ballistics
30:20 Heavy Plow
31:03 Yasama
32:10 Bracer
35:38 Scale Mail Armor
36:35 Padded Archer Armor
37:09 Thumb Ring
38:41 Kataparuto
41:03 Hoardings
41:16 Wheelbarrow
41:22 Arbalester
Connection lost

Rejoining the realm…

Still unreachable

The connection could not be restored.

Session expired

The server has moved on; the page needs a fresh start.